 Dungeon Crawl Stone Soup version 0.20.0-7-g3b7b877 (webtiles) character file.

2954 Rrauwl the Basher (level 10, -7/74 HPs)
             Began as a Formicid Abyssal Knight on May 29, 2017.
             Was an Elder of Lugonu.
             Mangled by a troll (10 damage)
             ... on level 7 of the Dungeon.
             The game lasted 00:18:01 (5074 turns).

Rrauwl the Basher (Formicid Abyssal Knight)         Turns: 5074, Time: 00:18:02

Health: -7/74      AC: 17    Str: 20      XL:     10   Next: 8%
Magic:  11/11      EV: 10    Int: 12      God:    Lugonu [****..]
Gold:   279        SH:  0    Dex:  9 (10) Spells: 9/9 levels left

rFire    . . .     SeeInvis +   u - +3 quarterstaff (chaos)
rCold    . . .     Gourm    .   (no shield)
rNeg     + . .     Faith    .   e - +2 pearl dragon scales
rPois    +         Spirit   .   (helmet unavailable)
rElec    .         Reflect  .   v - +0 cloak
rCorr    .         Harm     .   i - +0 pair of gloves
MR       +....     Clarity  +   (no boots)
Stlth    ..........             (no amulet)
Regen    0.3/turn               (no ring)
MPRegen  0.2/turn               m - ring of poison resistance

@: no status effects
A: permanent stasis, dig shafts and tunnels, four strong arms, antennae 3,
clarity, wild magic 1
a: Dig, Shaft Self, Depart the Abyss, Bend Space, Banish, Corrupt, Renounce
Religion


You were on level 7 of the Dungeon.
You worshipped Lugonu.
Lugonu was greatly pleased with you.
You were not hungry.

You visited 2 branches of the dungeon, and saw 8 of its levels.
You visited the Abyss 1 time.

You collected 279 gold pieces.

Inventory:

Hand Weapons
 a - a +1 mace of protection
 b - a +0 hunting sling
 u - a +3 quarterstaff of chaos (weapon)
Missiles
 k - 233 stones (quivered)
Armour
 e - +2 pearl dragon scales (worn)
 i - a +0 pair of gloves (worn)
 v - a +0 cloak (worn)
Jewellery
 m - a ring of poison resistance (right hand)
Wands
 f - a wand of acid (6/15)
 p - a wand of confusion (13/48)
Scrolls
 h - 3 scrolls of magic mapping
 n - 6 scrolls of identify
 r - 3 scrolls of remove curse
Potions
 l - 2 potions of curing
 o - 2 potions of magic
 q - 3 potions of invisibility
Books
 t - a book of Changes

   Spells                             Type                      Level
   a - Beastly Appendage              Transmutation                1
   b - Sticks to Snakes               Transmutation                2
   c - Spider Form                    Transmutation/Poison         3
   d - Ice Form                       Ice/Transmutation            4
   e - Blade Hands                    Transmutation                5
Comestibles
 c - 4 bread rations
 d - 5 meat rations
 g - 4 fruits
 j - 2 royal jellies


   Skills:
 - Level 5.0 Fighting
 + Level 11.2 Maces & Flails
 - Level 6.0 Armour
 - Level 3.2 Dodging
 - Level 2.1 Invocations


You had 9 spell levels left.
You didn't know any spells.

Dungeon Overview and Level Annotations

Branches:
Dungeon (7/15)             Temple (1/1) D:5

Altars:
Ashenzari
Cheibriados
Dithmenos
Elyvilon
Fedhas
Gozag
Hepliaklqana
Kikubaaqudgha
Makhleb
Nemelex Xobeh
Okawaru
Qazlal
Ru
Sif Muna
Trog
Uskayaw
Xom
Yredelemnul
Zin
The Shining One


Innate Abilities, Weirdness & Mutations

You cannot be hasted, slowed, berserked, paralysed or teleported.
You can dig through walls and to a lower floor.
Your four strong arms can wield two-handed weapons with a shield.
You have a pair of large antennae on your head. (SInv)
You possess an exceptional clarity of mind.
Your spells are a little harder to cast, but a little more powerful.


Message History

Evoke which item? (* to show all) (? for menu, Esc to quit)
Aiming: Confuse (will waste charges)
Press: ? - help, Shift-Dir - straight line, f - troll
Aim: a troll (heavily wounded, berserk, fast, unusually strong, poisoned, chance to defeat MR: 46%)
The troll resists with some effort.
Evoking this partially-identified wand wasted a few charges.
The troll bites you!!
* * * LOW HITPOINT WARNING * * *
The troll claws you but does no damage. The troll barely misses you.
A sky beast comes into view.
Okay, then.
Evoke which item? (* to show all) (? for menu, Esc to quit)
Aiming: Corrosive Bolt
Press: ? - help, Shift-Dir - straight line, f/p - troll
Aim: a troll (heavily wounded, berserk, fast, unusually strong, poisoned)
The bolt of acid hits the troll.
The troll is splashed with acid.
The acid corrodes the troll!
The troll is severely wounded.
This wand has 6 charges left.
The troll misses you. The troll claws you!
You die...

....... #........
#.......#
#.......#{ ###
#........# Y.#
##.#......####..#
.....#......#...#
................#
#.##.......#..@###
....#.......####T.#
..#.........# #.%#
....#......)# {###
............####
.......<.....#
.......#######
....... #.####.


You could see a troll (berserk) and a sky beast.

Vanquished Creatures
  The ghost of Jerry the Cleaver, a novice MiBe of Trog (D:6)
  2 centaur skeletons (D:6)
  Sigmund (D:2)
  A swamp worm (D:7)
  An ice beast (D:4)
  A necrophage (D:6)
  An ogre (D:5)
  3 phantoms
  3 bullfrogs (D:6)
  A wyvern skeleton (D:6)
  5 scorpions
  2 howler monkeys
  A crimson imp (D:5)
  A quasit (D:6)
  2 bullfrog zombies (D:6)
  A centaur zombie (D:6)
  Crazy Yiuf (D:5)
  3 orc priests
  2 orc wizards (D:5)
  3 iguanas
  Ijyb (D:4)
  2 worker ants
  A hound zombie (D:5)
  Robin (D:3)
  A howler monkey skeleton (D:6)
  3 gnolls (D:6)
  6 adders
  A shadow imp (D:5)
  An adder skeleton (D:4)
  A worm (D:2)
  A dart slug (D:2)
  3 leopard geckos
  19 orcs
  5 giant cockroaches
  2 gnoll zombies (D:5)
  14 goblins
  10 hobgoblins
  6 jackals
  3 quokkas
  4 ball pythons
  7 bats
  5 frilled lizards
  A jackal zombie (D:5)
  10 kobolds
  A quokka skeleton (D:5)
  5 rats
150 creatures vanquished.

Notes
Turn   | Place    | Note
-------+----------+-------------------------------------------
     0 | Abyss:1  | Rrauwl the Formicid Abyssal Knight began the quest for the Orb.
     0 | Abyss:1  | Reached XP level 1. HP: 18/18 MP: 2/2
    24 | Abyss:1  | Noticed a chaos spawn
    95 | D:1      | Escaped the Abyss
   177 | D:1      | Reached skill level 1 in Dodging
   189 | D:1      | Found an iron altar of Okawaru.
   275 | D:1      | Reached XP level 2. HP: 24/24 MP: 3/3
   290 | D:1      | Reached * piety under Lugonu
   344 | D:1      | Reached XP level 3. HP: 28/29 MP: 4/4
  1040 | D:2      | Reached XP level 4. HP: 25/35 MP: 5/5
  1217 | D:2      | Noticed Sigmund
  1224 | D:2      | Killed Sigmund
  1224 | D:2      | Reached skill level 3 in Maces & Flails
  1224 | D:2      | Reached XP level 5. HP: 27/42 MP: 6/6
  1224 | D:2      | Reached XP level 6. HP: 31/48 MP: 7/7
  1265 | D:2      | Found a faded altar of an unknown god.
  1266 | D:2      | Gained mutation: Your spells are a little harder to cast, but a little more powerful. [potion of mutation]
  1266 | D:2      | Gained mutation: You possess an exceptional clarity of mind. [potion of mutation]
  1659 | D:3      | Reached ** piety under Lugonu
  1715 | D:3      | Noticed Robin
  1726 | D:3      | Killed Robin
  2338 | D:4      | Reached XP level 7. HP: 55/55 MP: 8/8
  2355 | D:4      | Reached *** piety under Lugonu
  2453 | D:4      | Reached skill level 5 in Fighting
  2453 | D:4      | Reached skill level 4 in Maces & Flails
  2470 | D:4      | Found a shattered altar of Ashenzari.
  2470 | D:4      | Found a snail-covered altar of Cheibriados.
  2606 | D:4      | Reached skill level 5 in Armour
  2625 | D:4      | Noticed Ijyb
  2632 | D:4      | Killed Ijyb
  2745 | D:4      | Reached XP level 8. HP: 30/62 MP: 9/9
  2927 | D:4      | Found a hide-covered altar of Uskayaw.
  2931 | D:5      | Entered Level 5 of the Dungeon
  2949 | D:5      | Reached skill level 5 in Maces & Flails
  3008 | D:5      | Found a staircase to the Ecumenical Temple.
  3024 | Temple   | Entered the Ecumenical Temple
  3281 | D:5      | Found a runed door.
  3436 | D:5      | Reached skill level 6 in Maces & Flails
  3728 | D:5      | Reached skill level 7 in Maces & Flails
  3733 | D:5      | Found a basalt altar of Yredelemnul.
  3766 | D:5      | Reached **** piety under Lugonu
  3942 | D:5      | Noticed Crazy Yiuf
  3947 | D:5      | Killed Crazy Yiuf
  4102 | D:6      | Reached skill level 8 in Maces & Flails
  4102 | D:6      | Reached XP level 9. HP: 63/68 MP: 10/10
  4421 | D:6      | Reached skill level 9 in Maces & Flails
  4526 | D:6      | Noticed Jerry's ghost (novice MiBe)
  4541 | D:6      | Killed Jerry's ghost
  4541 | D:6      | Reached skill level 10 in Maces & Flails
  4906 | D:7      | Noticed a slime creature
  4912 | D:6      | Reached XP level 10. HP: 70/74 MP: 11/11
  4915 | D:6      | Reached skill level 11 in Maces & Flails
  5073 | D:7      | HP: 3/74 [troll (21)]
  5074 | D:7      | Mangled by a troll

Skill      XL: |  1  2  3  4  5  6  7  8  9 10 |
---------------+-------------------------------+-----
Dodging        | 1 2 3 |  3.2
Fighting       | 4 5 |  5.0
Maces & Flails | 3 4 8 10 11 | 11.2
Armour         | 3 4 5 6 |  6.0
Invocations    | |  2.1

Action                   |  1- 3 |  4- 6 |  7- 9 | 10-12 || total
-------------------------+-------+-------+-------+-------++-------
Melee: Rapier            |    76 |   130 |    62 |       ||   268
       Mace              |       |       |   175 |       ||   175
       Quarterstaff      |       |       |   107 |    27 ||   134
Invok: Depart the Abyss  |     1 |       |       |       ||     1
Evoke: Wand              |       |       |     2 |     2 ||     4
  Use: Scroll            |     3 |     2 |     6 |       ||    11
       Potion            |     2 |     2 |     6 |       ||    10
 Stab: Paralysed         |       |       |    10 |       ||    10
       Petrified         |       |       |     2 |       ||     2
  Eat: Chunk             |       |     4 |     9 |       ||    13
       Fruit             |       |       |     1 |       ||     1
Armor: Pearl dragon scal |    48 |    75 |   191 |    20 ||   334
Dodge: Dodged            |    34 |    77 |   166 |    16 ||   293
